 Dungeon Crawl Stone Soup version 0.18.1-5-g4a78601 (webtiles) character file.

50 Guinours the Gusty (level 3, -1/19 HPs)
             Began as a Tengu Air Elementalist on May 12, 2016.
             Slain by an ooze (3 damage)
             ... on level 1 of the Dungeon.
             The game lasted 00:06:45 (1081 turns).

Guinours the Gusty (Tengu Air Elementalist)         Turns: 1081, Time: 00:06:45

Health: -1/19      AC:  2    Str:  8    XL:     3   Next: 79%
Magic:  1/7        EV: 13    Int: 16    God:
Gold:   62         SH:  0    Dex: 14    Spells: 1 memorised, 5 levels left

rFire  . . .     SeeInvis .     f - -1 club (curse)
rCold  . . .     Gourm    .     j - +0 robe
rNeg   . . .     Faith    .     (no shield)
rPois  .         Spirit   .     (helmet restricted)
rElec  .         Dismiss  .     (no cloak)
rCorr  .         Reflect  .     (no gloves)
SustAt .         Harm     .     (boots unavailable)
MR     .....                    (no amulet)
Stlth  ++........               (no ring)
                                (no ring)

@: not resistant to hostile enchantments, unstealthy
A: beak, talons 3
a: no special abilities


You were on level 1 of the Dungeon.
You were not hungry.

You visited 1 branch of the dungeon, and saw 1 of its levels.

You collected 62 gold pieces.

Inventory:

Hand Weapons
 f - a cursed -1 club (weapon)
Missiles
 e - 11 poisoned needles
 h - 24 sling bullets
 i - 28 stones (quivered)
Armour
 a - a +0 robe
 j - a +0 robe (worn)
Scrolls
 k - a scroll of identify
Books
 b - a book of Air

   Spells                             Type                      Level
   a - Shock                          Conjuration/Air              1
   b - Swiftness                      Charms/Air                   2
   c - Repel Missiles                 Charms/Air                   2
   d - Static Discharge               Conjuration/Air              3
   e - Lightning Bolt                 Conjuration/Air              5
Comestibles
 c - a bread ration
 d - 2 chunks of flesh
 g - a beef jerky


   Skills:
 + Level 2.5 Dodging
 + Level 2.2 Stealth
 + Level 2.3 Spellcasting
 + Level 1.8 Conjurations
 + Level 5.1 Air Magic


You had 5 spell levels left.
You knew the following spells:

 Your Spells              Type           Power        Failure   Level  Hunger
a - Shock                 Conj/Air       ##..         6%          1    #......


Dungeon Overview and Level Annotations

Branches:
Dungeon (1/15)

Altars:


Innate Abilities, Weirdness & Mutations

You have a beak for a mouth.
You have claws for feet.


Message History

You hit the jackal.
You kill the jackal!
The giant cockroach misses you.
You closely miss the giant cockroach. Your kick misses the giant cockroach.
You peck the giant cockroach, but do no damage.
The giant cockroach bites you.
* * * LOW HITPOINT WARNING * * *
You hit the giant cockroach but do no damage.
You claw the giant cockroach, but do no damage.
You peck the giant cockroach.
The giant cockroach is severely wounded.
The giant cockroach barely misses you. x2
You hit the giant cockroach.
You kill the giant cockroach!
The ooze hits you.
* * * LOW HITPOINT WARNING * * *
You hit the ooze.
The ooze is lightly wounded.
The ooze hits you.
You die...

#.###.#######.# ##.#######.##
..............# #............
#####.####.##########.########.##
.........................## #...
#######..###'#######'###..#######
#..#..⌠...>...⌠..#.........
#..#......<......#..#######
#..'⌠....###....⌠'..#
#..#.....†@......#..#
#..#######J#######..# #..#
..Jrw.. #..# ## #..# ...........
#..# #. #..#............[#..# #.
##.###############..######.
#.....)...................
########...........######.
############# #.


You could see a worm, 2 oozes and a rat.

Vanquished Creatures
  3 oozes (D:1)
  A dart slug (D:1)
  A giant gecko (D:1)
  4 giant cockroaches (D:1)
  4 hobgoblins (D:1)
  4 jackals (D:1)
  4 kobolds (D:1)
  6 bats (D:1)
  A giant newt (D:1)
  A goblin (D:1)
  3 rats (D:1)
32 creatures vanquished.

Notes
Turn   | Place    | Note
--------------------------------------------------------------
     0 | D:1      | Guinours the Tengu Air Elementalist began the quest for the Orb.
     0 | D:1      | Reached XP level 1. HP: 10/10 MP: 4/4
     1 | D:1      | Found a runed door.
   109 | D:1      | Reached XP level 2. HP: 15/15 MP: 0/6
   794 | D:1      | Reached XP level 3. HP: 19/19 MP: 2/7
  1053 | D:1      | Reached skill level 5 in Air Magic
  1081 | D:1      | Slain by an ooze

Skill      XL: |  1  2  3 |
---------------+----------+-----
Air Magic      | 5 |  5.1
Dodging        | |  2.5
Stealth        | |  2.2
Spellcasting   | |  2.3
Conjurations   | |  1.8

Action                   || total
-------------------------++-------
Melee: Unarmed           ||     3
       Club              ||    41
       Kick              ||    10
       Peck              ||     7
 Cast: Shock             ||    49
  Use: Scroll            ||     2
  Eat: Chunk             ||     1
Armor: Robe              ||    15
Dodge: Dodged            ||    39
